 Dungeon Crawl Stone Soup version 0.30-a0-567-gf7fd966b4a (webtiles) character file.

Game seed: 3131507764176304687

50 Dirtsage the Changer (level 3, -1/23 HPs)
             Began as an Octopode Transmuter on Dec 28, 2022.
             Slain by a gnoll
             ... wielding a +0 flail
              (8 damage)
             ... on level 2 of the Dungeon.
             The game lasted 00:03:07 (1047 turns).

Dirtsage the Changer (Octopode Transmuter)          Turns: 1047, Time: 00:03:07

Health: -1/23      AC:  1    Str:  9    XL:     3   Next: 79%
Magic:  6/6        EV: 13    Int: 17    God:
Gold:   75         SH:  0    Dex: 12    Spells: 3/6 levels left

rFire   . . .      SeeInvis .      - Unarmed
rCold   . . .      Faith    .    (no shield)
rNeg    . . .      Spirit   .    (helmet restricted)
rPois   .          Reflect  .    (no amulet)
rElec   .          Harm     .    i - ring of flight
rCorr   .          Rampage  .    (no ring)
Will    .....                    (no ring)
Stlth   ++                       (no ring)
HPRegen 0.23/turn                (no ring)
MPRegen 0.10/turn                (no ring)
                                 (no ring)
                                 (no ring)

@: flying
A: almost no armour, amphibious, 8 rings, camouflage 1, gelatinous body 1,
(nimble swimmer 1), tentacles
a: no special abilities


You were on level 2 of the Dungeon.
You visited 1 branch of the dungeon, and saw 2 of its levels.

You collected 75 gold pieces.

Inventory:

Jewellery
 i - a ring of flight (left tentacle)
Scrolls
 d - a scroll of magic mapping {unknown}
 g - a scroll of blinking {unknown}
 h - a scroll of enchant armour {unknown}
Potions
 a - 2 potions of lignification
 b - 2 potions of brilliance {unknown}
 c - a potion of curing {unknown}
 e - a potion of invisibility {unknown}
 f - a potion of resistance {unknown}


   Skills:
 - Level 1.0 Fighting
 - Level 2.0 Dodging
 - Level 3.0 Unarmed Combat
 - Level 2.0 Spellcasting
 * Level 3.1 Transmutations
 * Level 2.2 Ice Magic


You had 3 spell levels left.
You knew the following spells:

 Your Spells              Type           Power      Damage    Failure   Level
a - Beastly Appendage     Tmut           24%        N/A       5%          1
b - Wereblood             Tmut           12%        N/A       9%          2

Your spell library contained the following spells:

 Spells                   Type           Power      Damage    Failure   Level
 Spider Form              Tmut/Pois      7%         N/A       30%         3
 Vhi's Electric Charge    Tloc/Air       2%         N/A       50%         3
 Ice Form                 Ice/Tmut       10%        N/A       54%         4
 Arcjolt                  Conj/Air       0%         1d10      99%         5
 Maxwell's Capacitive Co  Air            0%         ∞         100%        8


Dungeon Overview and Level Annotations

Branches:
Dungeon (2/15)

Altars:

Shops:
D:2 (


Innate Abilities, Weirdness & Mutations

You cannot wear most types of armour.
You are amphibious.
You can wear up to eight rings at the same time.
Your skin changes colour to match your surroundings (Stealth+).
Your rubbery body absorbs attacks. (AC +1, EV +1)
((You are camouflaged when in or above water. (Stealth+)))
You have tentacles for arms and can constrict up to eight enemies at once.


Message History

Things that are here:
a +0 dagger; 4 stones A ball python is nearby!
The ball python hisses angrily.
You see here a +0 robe.
Your tentacle spike disappears.
MP restored: 6 You tentacle-slap the ball python.
You kill the ball python!
You see here a ball python corpse.
You now have 75 gold pieces (gained 8).
You reach down and open the door.
There is an open door here.
There is an open door here.
A goblin comes into view. It is wielding a +0 club.
The goblin unwields a +0 club.
The goblin wields a +0 sling.
The goblin shoots a sling bullet.
The sling bullet closely misses you.
Health restored: 23 The goblin shoots a sling bullet.
The sling bullet hits you.
You take 4 damage, and have 19/23 hp.
The goblin shoots a sling bullet.
The sling bullet hits you but does no damage.
A gnoll comes into view. It is wielding a +0 flail.
The goblin unwields a +0 sling.
The goblin wields a +0 club.
The goblin misses you.
You tentacle-slap the goblin but do no damage.
You grab the goblin. You constrict the goblin. The goblin barely misses you.
You tentacle-slap the goblin.
The goblin is severely wounded.
You constrict the goblin.
You kill the goblin!
The gnoll hits you with a +0 flail!
You take 8 damage, and have 12/23 hp.
MASSIVE DAMAGE!!
You tentacle-slap the gnoll but do no damage.
Your grab misses the gnoll. Your squeeze misses the gnoll.
The gnoll hits you with a +0 flail.
You take 5 damage, and have 7/23 hp.
MASSIVE DAMAGE!!
You closely miss the gnoll. Your grab misses the gnoll.
The gnoll hits you with a +0 flail!
You die...

#.# +.....
#.# #.....
#.# .......
#.##
....#+#.
#.##. ....
#.
#.##..######
..
#.##.......#
#.#.....g.)#
#.# #@.# #.#
#..#
#.#######..#
#..........#
#.########.#
#.# .# ###
.# .# .#


You could see a gnoll.

Vanquished Creatures
  2 adders (D:2)
  4 giant cockroaches
  5 goblins
  A hobgoblin (D:2)
  3 jackals (D:2)
  2 kobolds
  2 quokkas
  4 ball pythons
  2 bats
  2 frilled lizards
  4 rats (D:1)
31 creatures vanquished.

Vanquished Creatures (others)
  A demonspawn (D:1)
  A draconian (D:1)
  A gargoyle (D:1)
  2 vine stalkers (D:1)
  A merfolk (D:1)
  2 nagas (D:1)
  3 demigods (D:1)
  A dwarf (D:1)
  13 tentacles (D:1)
25 creatures vanquished.

Grand Total: 56 creatures vanquished

Notes
Turn   | Place    | Note
-------+----------+-------------------------------------------
     0 | D:1      | Dirtsage the Octopode Transmuter began the quest for the
                  | Orb.
     0 | D:1      | Reached XP level 1. HP: 13/13 MP: 3/3
     0 | D:1      | Noticed a demonspawn
     0 | D:1      | Noticed a vine stalker
     0 | D:1      | Noticed a draconian
     0 | D:1      | Noticed a dwarf
     0 | D:1      | Noticed a merfolk
     0 | D:1      | Noticed a demigod
     0 | D:1      | Noticed a demigod
     0 | D:1      | Noticed a kraken
     0 | D:1      | Noticed a naga
     0 | D:1      | Noticed a demigod
     0 | D:1      | Noticed a gargoyle
     0 | D:1      | Noticed a naga
     0 | D:1      | Noticed a vine stalker
     5 | D:1      | Killed a vine stalker
     5 | D:1      | Killed a demigod
     6 | D:1      | Killed a naga
     6 | D:1      | Killed a demigod
     7 | D:1      | Killed a gargoyle
     8 | D:1      | Killed a dwarf
     8 | D:1      | Killed a naga
     9 | D:1      | Killed a demigod
    11 | D:1      | Killed a merfolk
    13 | D:1      | Killed a vine stalker
    18 | D:1      | Killed a draconian
    23 | D:1      | Killed a demonspawn
    90 | D:1      | Reached skill level 1 in Ice Magic
    90 | D:1      | Reached XP level 2. HP: 16/18 MP: 5/5
   512 | D:1      | Learned a level 2 spell: Wereblood
   760 | D:2      | Reached XP level 3. HP: 23/23 MP: 3/6
   849 | D:2      | Found Athygacimu's Antique Weapon Shoppe.
  1047 | D:2      | Slain by a gnoll

Illustrated notes

Levels and vault maps discovered:
D:1:      nicolae_arrival_kraken_aquarium_a, layout_basic
D:2:      layout_basic, serial_shops, nicolae_shop_trees

Skill      XL: |  1  2  3 |
---------------+----------+-----
Ice Magic      | 1 2 |  2.2
Transmutations | 3 |  3.1
Fighting       | |  1.0
Dodging        | |  2.0
Unarmed Combat | |  3.0
Spellcasting   | |  2.0

Action                   || total
-------------------------++-------
Melee: Unarmed           ||    65
       Constrict         ||    20
       Tentacles         ||    11
       Kick              ||     8
       Punch             ||     1
 Cast: Beastly Appendage ||     7
 Stab: Sleeping          ||     4
Armor: Skin              ||     5
Dodge: Dodged            ||    33

Table legend: (Time is in decaauts)
 A = Elapsed time spent in this place.
 B = Non-inter-level travel time spent in this place.
 C = Inter-level travel time spent in this place.
 D = Time resting spent in this place.
 E = Time spent auto-exploring this place.
 F = Levels seen in this place.
 G = Mean time per level.
                   A        B        C        D        E       F      G
               +--------+--------+--------+--------+--------+-----+--------+
         Total |   1042 |   1026 |     16 |      0 |    803 |   2 |  521.0 |
       Dungeon |   1042 |   1026 |     16 |      0 |    803 |   2 |  521.0 |
               +--------+--------+--------+--------+--------+-----+--------+

Top non-repeatable levels by time:
     D:1: 627 daAuts
     D:2: 415 daAuts
